FIQ, neutral male scurrid Tourist }}}}}}}}}}}}}}}}}}}}}}}}}}}}}}}}}}}}}}}}}}}}}}}}}}}}}}}}}}}}}}}}}} -}}}}}}}}}}}}}}}}}}}}}}}}}}}}}}}}}}}}}}}}}}}}}}}}}}}}}}}}}}}}}}}} }}}}}}}}}}}}..k...}}}}}}}}}}}}}}}}}}...>..}}}}}}}}}}}}..}}}}}}} -}}}}}}}}..........}}}}}}}}}}}}}}..........}}}}}}}}}....}}}}}} |}}}}}}..............}}}}}}}}.......r......}}}}}}}}....}}}}}} |}}}}}........%.c..@......!.................}}}}}}}}}..}}}}}} |}}}}...........@.@.....)...........'......}}}}}}}}}}}}}}}}} |}}}...........%........x..l...*......<.....}}}}}}}}}}}}}}}} |}}}............@....*......................}}}}}}}}}}}}}}}} |}}}...............o...[....................}}}}}}}}}}}}}}}} |}}}......!................o.........e......}}}}}}}}}}}}}.}} +}}}.............n.......r...i..............}}}}}}}}}}}}}..} |}}}.....................B..o.i.......%.....}}}}}}}}}}}}}}}} |}}}}................j..).j...r............[}}}}}}}}}}}}}}}} |}}}}....Y...................e.F...........}}}}}}}}}}}}}}}}} |}}}}}..............}}}}}}}}.......*......}}}}}..}}}}}}}}}}} |}}}}}}.........!}}}}}}}}}}}}}}..........}}}}}}....}}}}}}}}} |}}}}}}}}.h....}}}}}}}}}}}}}}}}}?......}}}}}}}}}......}}}}}} h FIQ the Rambler Experience level: 1 Strength: 11 Dexterity: 11 Constitution: 14 Intelligence: 14 Wisdom: 10 Charisma: 15 Health: 0(9) Energy: 2(2) Def: 0 Gold: 529 Moves: 33 Dungeon seed: rxBulcqCKVFH8QXO Game ID: FIQ_1498602466 Your Inventory: Coins $ - 529 gold pieces Weapons a - 39 uncursed +2 darts (in quiver) Armor e - a blessed +0 Hawaiian shirt (being worn) Comestibles b - 4 uncursed food rations c - an uncursed chestnut d - an uncursed fortune cookie f - an uncursed candy bar g - an uncursed eucalyptus leaf h - 3 uncursed tripe rations i - an uncursed lembas wafer Scrolls k - 4 uncursed scrolls of magic mapping Potions j - 2 uncursed potions of extra healing Wands n - an uncursed wand of secret door detection (0:14) Tools l - an uncursed expensive camera (0:38) m - an uncursed credit card o - an uncursed leash Spells and supernatural/magical abilities: Name Level Category Fail Memory W - pray for help -- divine ? -- Your skills at the end: Miscellaneous Skills wands [Basic] Weapon Skills dart [Basic] Spellcasting Skills Final Attributes: You were devoutly aligned. You had infravision. You were very stealthy. You are dead. Voluntary challenges: You went without food. You did not adorn yourself with jewelry or accessories. You did not cause conflict. You were not invisible. You did not have reflection. You were not displaced. You were an atheist. You never hit with a wielded weapon. You were a pacifist. You did not use tools. You did not use plumbed fixtures. You did not drink any magical draughts. You were illiterate. You never genocided any monsters. You never polymorphed an object. You never changed form. You used no wishes. You never split a pudding. You never wrote Elbereth's name. You never violated your personal moral code. Dungeon overview: The Dungeons of Doom: levels 1 to 14 Level 1 a long staircase Level 2 Level 3 Level 4 Level 5 Level 6 Level 7 Level 8 Level 9 Level 10 Level 11 Level 12 a scroll shop Level 13 a fountain Level 14 <- You were here History has recorded: On T:1 you entered the Dungeons of Doom to retrieve the Amulet of Yendor! On T:4 you reached level 2 of The Dungeons of Doom. On T:6 you reached level 3 of The Dungeons of Doom. On T:8 you reached level 4 of The Dungeons of Doom. On T:10 you reached level 5 of The Dungeons of Doom. On T:13 you reached level 6 of The Dungeons of Doom. On T:15 you reached level 7 of The Dungeons of Doom. On T:17 you reached level 8 of The Dungeons of Doom. On T:19 you reached level 9 of The Dungeons of Doom. On T:22 you reached level 10 of The Dungeons of Doom. On T:25 you reached level 11 of The Dungeons of Doom. On T:28 you reached level 12 of The Dungeons of Doom. On T:30 you reached level 13 of The Dungeons of Doom. On T:32 you reached level 14 of The Dungeons of Doom. Score breakdown: Gold: 115 ( 11 points) Experience: 1 level ( 0 points) Exploration: 14 levels ( 390 points) Discoveries: 1 item ( 50 points) Variety of kills: 0 monsters ( 0 points) Major goal: (nothing yet) ( 0 points) Survival: died (score multiplied by 3) Total score: 1353 Latest messages: You dig a pit in the floor. You continue digging downward. You dig a hole through the floor. You fall through... "Aloha, FIQ! Welcome to Sneem's second-hand bookstore!" You see here a scroll labeled ANDOVA BEGARIN (133 zorkmids). You start digging downward. "Be careful, sir, or you might fall through the floor." You continue digging downward. You dig a pit in the floor. You continue digging downward. You dig a hole through the floor. You fall through... You start digging downward. You continue digging downward. You dig a pit in the floor. You continue digging downward. You dig a hole through the floor. You fall through... The Mordor orc drinks a black potion! Suddenly you cannot see the Mordor orc. The tengu pecks! You start digging downward. The Mordor orc throws a crude spear! You are hit by a crude spear. The tengu pecks! You die... Final status: Aloha FIQ the Tourist, killed by a tengu... You died in The Dungeons of Doom on dungeon level 14 with 1353 points, and 529 pieces of gold, after 33 moves. You were level 1 with a maximum of 9 hit points when you died.